 Dungeon Crawl Stone Soup version 0.28.0-1-gb440e238dd (webtiles) character file.

Game seed: 14371755949824464240

11 Snicker the Sneak (level 2, 0/24 HPs)
             Began as a Demonspawn Delver on Feb 20, 2022.
             Succumbed to a water moccasin's poison
             ... on level 5 of the Dungeon.
             The game lasted 00:01:54 (1282 turns).

Snicker the Sneak (Demonspawn Delver)               Turns: 1282, Time: 00:01:55

Health: 0/24       AC:  3    Str: 12    XL:     2   Next: 17%
Magic:  2/2        EV: 26    Int: 11    God:
Gold:   13         SH:  0    Dex: 14    Spells: 1/1 levels left

rFire   . . .      SeeInvis .   a - +0 short sword
rCold   . . .      Faith    .   (no shield)
rNeg    . . .      Spirit   .   b - +0 leather armour
rPois   .          Reflect  .   (no helmet)
rElec   .          Harm     .   (no cloak)
rCorr   .          Rampage  .   (no gloves)
Will    .....                   (no boots)
Stlth   +++.......              i - amulet of the acrobat
HPRegen 0.08/turn               (no ring)
MPRegen 0.08/turn               (no ring)

@: lethally poisoned (0 -> -2), acrobatic
A: hooves 1
a: no special abilities


You were on level 5 of the Dungeon.
You visited 2 branches of the dungeon, and saw 3 of its levels.

You collected 13 gold pieces.

Inventory:

Hand Weapons
 a - a +0 short sword (weapon)
 e - a +0 mace of protection
Missiles
 l - 5 atropa-tipped darts (quivered)
Armour
 b - a +0 leather armour (worn)
Jewellery
 i - an amulet of the acrobat (around neck)
 k - a ring of positive energy
Wands
 g - a wand of digging (3)
Scrolls
 c - a scroll of fog
 d - a scroll of magic mapping
 h - a scroll of identify {unknown}
Potions
 f - a potion of haste
 j - a potion of degeneration {unknown}


   Skills:
 + Level 3.0 Fighting
 * Level 1.9 Short Blades
 + Level 0.1 Armour
 + Level 1.7 Dodging
 * Level 4.9 Stealth


You had one spell level left.
You didn't know any spells.
Your spell library was empty.

Dungeon Overview and Level Annotations

Branches:
Dungeon (6/15)             Temple (1/1) D:6

Altars:
Ashenzari
Cheibriados
Dithmenos
Elyvilon
Gozag
Hepliaklqana
Makhleb
Nemelex Xobeh
Okawaru
Qazlal
Ru
Sif Muna
Trog
Uskayaw
Vehumet
Xom
Yredelemnul
Zin
The Shining One


Innate Abilities, Weirdness & Mutations

You have large cloven feet.


Message History

HP restored.
You start waiting.
Done waiting.
You start waiting.
Done waiting.
You climb downwards.
There is a stone staircase leading up, spattered with blood here.
Unknown command.
You climb upwards.
There is a stone staircase leading down here.
There is an escape hatch in the ceiling here.
A black bear comes into view.
The black bear growls angrily.
You see here a ring of positive energy.
k - a ring of positive energy
Found 5 atropa-tipped darts.
You see here 5 atropa-tipped darts.
l - 5 atropa-tipped darts The black bear barely misses you.
The black bear closely misses you. The black bear misses you.
The black bear completely misses you. The black bear misses you.
The black bear claws you.
A water moccasin comes into view.
The water moccasin hisses angrily.
The water moccasin barely misses you. The water moccasin bites you.
You are poisoned.
The water moccasin poisons you! The water moccasin misses you.
You feel very sick.
The water moccasin completely misses you.
You feel very sick. The water moccasin misses you.
You feel sick.
You feel sick.
You feel sick. The water moccasin misses you.
You feel sick.
You feel sick.
You feel sick. The water moccasin bites you.
* * * LOW HITPOINT WARNING * * *
You die...

########.# #.# #.#
#.# #.# #.# #.#
#.# ########.###
#.# #..........#
#.# #..........#
#.# #..........#
#.#
#..........#####@#
#............hS..#
#..........#######
#..........#
...........#
#..........# #
.........# #
........# #
.......


You could see a water moccasin and a black bear.

Vanquished Creatures
  A gnoll (D:5)
  An orc (D:5)
2 creatures vanquished.

Notes
Turn   | Place    | Note
-------+----------+-------------------------------------------
     0 | D:5      | Snicker the Demonspawn Delver began the quest for the Orb.
     0 | D:5      | Reached XP level 1. HP: 18/18 MP: 1/1
    16 | D:6      | Found a staircase to the Ecumenical Temple.
    29 | Temple   | Entered the Ecumenical Temple
   835 | D:5      | Gained mutation: You have large cloven feet. [demonic
                  | ancestry]
   835 | D:5      | Reached XP level 2. HP: 13/24 MP: 2/2
  1196 | D:5      | Noticed a black bear
  1269 | D:5      | Noticed a water moccasin
  1281 | D:5      | HP: 1/24 [water moccasin (4)]
  1282 | D:5      | Succumbed to a water moccasin's poison

Illustrated notes

Levels and vault maps discovered:
D:5:      layout_basic, nicolae_wu_jian_wuxing_cycle, uniq_eustachio,
          uniq_menkaure
D:6:      layout_basic, minmay_temple_entry_junction_2, serial_rivers,
          chequers_serial_rivers_micro_b, chequers_serial_rivers_micro_e,
          chequers_serial_rivers_micro_b, chequers_serial_rivers_large_b,
          grunt_ministairs_9, minmay_hollow_rounded_squares
Temple:   mainiacjoe_temple_bowtie_tessellation

Action                   || total
-------------------------++-------
Melee: Short sword       ||    17
  Use: Scroll            ||     1
 Stab: Fleeing           ||     1
Armor: Leather armour    ||     2
Dodge: Dodged            ||    25
